Map: Inside and Out

Players

A.I. 1 (Very Easy)

  • Race: Zerg Zerg
  • Spawn Location: 7:00

Sanasano - Winner!

  • Race: Zerg Zerg
  • League: Gold
  • Spawn Location: 1:00

VOD

Have the link to the VOD?

Description

Time

  • Played on: Jan. 3, 2023, 1:42 p.m.
  • Length: 16:49
Show
View Real Time Build Order
Export as new Build Order

A.I. 1 (Very Easy) Zerg 

Build Orders: Pool First 

Get SALT Encoding   

  12  0:01  Drone  
  13  0:12  Overlord  
  13  0:16  Drone  
  14  0:35  Spawning Pool  
  13  0:36  Extractor  
  13  0:39  Drone  
  13  0:46  Drone  
  14  0:52  Overlord  
  14  1:22  Queen, Zergling x2  
  17  1:31  Roach Warren  
  17  1:32  Extractor  
  15  1:36  Drone  
  15  1:39  Zergling x2  
  17  1:44  Drone  
  18  1:56  Zergling x2  
  18  1:58  Drone  
  20  2:09  Drone  
  21  2:19  Drone  
  22  2:29  Drone, Overlord  
  23  2:36  Drone  
  24  2:43  Drone  
  25  5:38  Lair, Drone  
  26  5:45  Drone  
  27  5:53  Drone  
  28  6:00  Drone  
  28  6:01  Overlord  
  29  6:07  Drone  
  29  6:08  Zergling x2  
  30  6:14  Drone  
  29  6:33  Zergling x2  
  29  6:35  Overseer  
  29  6:36  Overseer  
  30  6:40  Spire  
  29  6:58  Zergling x2  
  30  7:09  Hatchery  
  30  7:10  Drone  
  30  7:54  Mutalisk  
  32  8:22  Drone  
  33  8:30  Extractor, Drone  
  33  8:35  Extractor  
  33  8:37  Drone  
  33  8:44  Drone  
  34  8:51  Drone  
  35  8:58  Drone  
  36  9:05  Drone  
  37  9:13  Drone  
  38  9:20  Drone  
  39  9:27  Drone  
  40  9:34  Drone  
  41  9:41  Drone  
  42  9:48  Drone  
  43  9:56  Drone  
  44  10:03  Drone  
  44  10:05  Overlord  
  45  10:10  Drone  
  46  10:17  Drone  
  47  10:52  Pneumatized Carapace, Overseer, Mutalisk  
  49  11:10  Overseer  
  49  11:11  Mutalisk, Overlord  
  46  11:28  Zergling x2  
  47  11:42  Overlord, Overseer  
  47  11:44  Zergling x2  
  48  12:00  Mutalisk  
  50  14:29  Hatchery  
  50  14:30  Drone  
  50  14:57  Roach, Overlord  
  52  15:12  Roach  
  52  15:14  Hydralisk Den  
  53  15:15  Infestation Pit  
  44  15:26  Roach  
  46  15:33  Overlord  
  46  15:40  Zergling x2  
  47  15:43  Drone  
  48  15:50  Drone  
  48  15:54  Hydralisk  
  22  15:57  Drone  
  22  15:58  Extractor  
  22  16:01  Overlord  
  22  16:04  Extractor, Drone  
  17  16:08  Infestor  
  14  16:12  Drone  
  14  16:19  Drone  
  14  16:31  Drone  
  15  16:37  Hatchery  
Show
View Real Time Build Order
Export as new Build Order

Sanasano Zerg - Winner!

Build Orders: Hatch First 

Get SALT Encoding   

  12  0:00  Drone  
  13  0:13  Overlord  
  13  0:18  Drone  
  14  0:31  Drone  
  14  0:32  Drone  
  16  0:52  Hatchery  
  16  0:54  Drone  
  16  1:03  Drone x2  
  18  1:07  Extractor  
  17  1:15  Extractor  
  17  1:18  Drone  
  17  1:19  Drone  
  19  1:26  Spawning Pool  
  19  1:29  Drone  
  19  1:41  Drone  
  20  2:14  Queen  
  22  2:16  Queen  
  22  2:21  Zergling x2  
  22  2:22  Zergling x2  
  26  2:24  Zergling x4  
  26  2:28  Overlord  
  28  2:34  Metabolic Boost  
  28  2:55  Queen  
  30  2:58  Hatchery  
  29  3:06  Queen  
  29  3:08  Overlord x2  
  29  3:11  Drone x3  
  34  3:14  Drone  
  35  3:23  Drone  
  36  3:31  Drone  
  36  3:32  Drone x5  
  42  3:38  Queen  
  44  4:10  Baneling Nest  
  43  4:30  Queen  
  45  4:36  Drone x2  
  45  4:37  Drone x2  
  49  4:38  Drone x2  
  49  4:39  Drone, Overlord  
  49  4:40  Overlord x4  
  49  4:43  Drone x3  
  55  4:48  Lair  
  55  4:59  Zergling x16  
  63  5:01  Drone x2  
  63  5:06  Extractor  
  64  5:09  Extractor  
  63  5:16  Queen  
  65  5:21  Baneling  
  65  5:22  Baneling x3  
  66  5:35  Drone x2  
  66  5:36  Drone  
  66  5:40  Drone x2  
  70  6:01  Evolution Chamber  
  70  6:04  Evolution Chamber  
  68  6:09  Queen  
  68  6:16  Baneling x6  
  68  6:31  Drone x2  
  70  6:33  Zerg Melee Weapons Level 1  
  70  6:34  Zerg Ground Armor Level 1  
  70  6:36  Centrifugal Hooks  
  70  6:45  Queen  
  72  6:51  Extractor  
  70  7:26  Infestation Pit  
  70  7:29  Drone x9  
  78  7:30  Overlord  
  78  7:31  Overlord x3  
  78  7:36  Queen  
  80  7:57  Zergling x2  
  80  7:58  Zergling x40  
  101  8:17  Hatchery  
  100  8:20  Spire  
  99  8:28  Drone x3  
  102  8:39  Zerg Melee Weapons Level 2  
  102  8:40  Zerg Ground Armor Level 2  
  102  8:43  Baneling  
  102  8:44  Baneling x6  
  102  8:45  Baneling x3  
  102  8:52  Spore Crawler  
  101  8:58  Spore Crawler  
  101  8:59  Spore Crawler  
  101  9:02  Spore Crawler  
  98  9:15  Drone  
  98  9:16  Drone x3  
  102  9:17  Drone  
  102  9:18  Drone x14  
  102  9:22  Extractor  
  116  9:24  Extractor  
  115  9:37  Hatchery  
  114  10:35  Hive  
  114  11:01  Extractor  
  114  11:03  Overlord x4  
  114  11:04  Extractor, Overlord  
  113  11:05  Overseer x2  
  113  11:07  Corruptor x4  
  113  11:08  Corruptor x4  
  113  11:10  Zergling x2  
  113  11:11  Zergling x26  
  139  11:14  Overlord x6  
  141  11:41  Queen  
  143  11:49  Drone x3  
  143  11:50  Drone  
  143  11:51  Drone x2  
  149  11:57  Drone x4  
  149  11:58  Drone x6  
  149  11:59  Drone x2  
  161  13:12  Hatchery  
  160  13:27  Zergling x2  
  160  13:28  Zergling x54  
  160  13:29  Zergling x24  
  200  13:44  Extractor  
  200  13:46  Extractor  
  200  13:47  Greater Spire  
  198  15:03  Brood Lord  
  200  15:24  Baneling  
  200  15:25  Baneling x6  
  200  15:26  Baneling x6  
  200  15:27  Baneling x4  
  200  15:28  Baneling x2  
  200  15:29  Baneling x3  
  186  16:09  Brood Lord  
  186  16:10  Brood Lord x6  
  197  16:12  Zergling x2  
  197  16:13  Zergling x4  
Tags
 
League
Gold
Matchup
ZvZ
Race
Zerg
Spawn Locations
Cross Positions
Add a new tag
Caveats
  • Supply blocks, unpowered buildings, or Contaminate may cause inaccurate times.
  • Supply counts are checked every 10 seconds.